AoeStats
← tom.klein.kn

Black Forest

507801258Analyzed
2v2 RM · 11d ago on Sep 19, 2026· 34m 52s· 4 players
Game mode
Random Map
Map size
Medium (4 player)
Population
200
Speed
Normal
Resources
Standard
Victory
Conquest
Starting age
Dark Age
Ending age
Imperial Age
RankedLock teamsTeams togetherTeam positionsShared explorationLock speedFull tech treeHidden civsTurbo modeCheats
Victory
Defeat
🇩🇪 Lithuanians · Germany
1015
+15
🇩🇪 Khmer · Germany
1014
+15
🇦🇷 Vietnamese · Argentina
1000
-45
🇦🇷 Khmer · Argentina
1000
-45
francizz3623
11:02 Feudal Age
10:59 Loom
15:03 Double-Bit Axe
19:37 Castle Age
20:31 Light Cavalry
22:19 Bow Saw
24:15 Wheelbarrow
25:51 Scale Barding Armor
28:23 Hand Cart
28:26 Horse Collar
29:03 Forging
32:22 Fletching
33:01 Fortified Wall
33:13 Ballistics
Vinazzi
6:03 Loom
10:20 Feudal Age
12:25 Wheelbarrow
12:11 Horse Collar
12:18 Double-Bit Axe
20:33 Gold Mining
20:35 Stone Mining
23:54 Castle Age
23:08 Fletching
24:38 Caravan
24:41 Heavy Plow
24:55 Bow Saw
25:39 Hand Cart
25:38 Bodkin Arrow
25:46 Padded Archer Armor
25:58 Forging
25:54 Scale Barding Armor
26:05 Bloodlines
25:56 Husbandry
26:00 Squires
26:10 Scale Mail Armor
27:21 Town Watch
27:31 Light Cavalry
28:49 Sanctity
29:55 Devotion
29:57 Town Patrol
30:15 Leather Archer Armor
30:08 Thumb Ring
32:02 Arson
33:16 Stone Shaft Mining
tom.klein.kn
1:03 Loom
14:35 Feudal Age
18:49 Castle Age
16:51 Horse Collar
18:05 Stone Mining
18:37 Double-Bit Axe
19:22 Gold Mining
20:54 Heavy Plow
23:58 Stone Shaft Mining
26:53 Bow Saw
28:42 Gold Shaft Mining
29:00 Husbandry
28:21 Light Cavalry
29:26 Bloodlines
FlorianStefan
7:42 Loom
10:40 Feudal Age
14:00 Horse Collar
14:08 Double-Bit Axe
18:13 Castle Age
17:15 Gold Mining
17:37 Town Watch
19:55 Bow Saw
22:53 Heavy Plow
25:16 Bloodlines
25:12 Husbandry
26:14 Scale Barding Armor
27:36 Forging
29:33 Iron Casting
30:56 Devotion
31:42 Chain Barding Armor
32:39 Wheelbarrow
Connection lost

Rejoining the realm…

Still unreachable

The connection could not be restored.

Session expired

The server has moved on; the page needs a fresh start.